 Dungeon Crawl Stone Soup version 0.29.0-4-gdea44cf6ec (webtiles) character file.

Game seed: 32520489974201288

57088 Renzlar the Blocker (level 14, -1/114 HPs)
             Began as a Gnoll Fighter on Aug 27, 2022.
             Was the Champion of Okawaru.
             Slain by Rupert
             ... wielding a +2 vorpal great mace
              (5 damage)
             ... in the Arena.
             The game lasted 01:40:26 (20033 turns).

Renzlar the Blocker (Gnoll Fighter)                Turns: 20033, Time: 01:40:28

Health: -1/114     AC: 26    Str: 19    XL:     14   Next: 84%
Magic:  29/36      EV: 12    Int: 12    God:    Okawaru [******]
Gold:   1421       SH: 19    Dex: 13    Spells: 30/32 levels left

rFire   + + .      SeeInvis +   a - +12 war axe "Wethraif" {vorpal, rF+ rC- rN+++ Int+2}
rCold   x . .      Faith    .   I - +0 tower shield
rNeg    + + +      Spirit   .   P - +4 chain mail of the Tormentor {rElec rPois}
rPois   +          Reflect  .   M - +4 hat of Space {rN+ Int+2 Stlth-}
rElec   +          Harm     .   B - +1 cloak {rPois}
rCorr   +          Rampage  .   n - +0 pair of gloves
Will    +....                   (no boots)
Stlth   ++........              O - amulet of regeneration
HPRegen 1.09/turn               q - ring "Tuemo" {rC+ rN+ rCorr MP+9 SInv}
MPRegen 0.25/turn               e - ring of fire

@: mighty, heroic, wereblooded, flying, duelling
A: fangs 1, strong nose, distributed training
a: Renounce Religion, Heroism, Finesse, Duel


You were in the Arena.
You worshipped Okawaru.
Okawaru was exalted by your worship.
You visited 4 branches of the dungeon, and saw 18 of its levels.
You also visited: Bailey.

You collected 1421 gold pieces.

Inventory:

Hand Weapons
 a - the +12 war axe "Wethraif" (weapon) {vorpal, rF+ rC- rN+++ Int+2}
   (You acquired it on level 3 of the Dungeon)

   It inflicts extra damage upon your enemies.
   Int:       It affects your intelligence (+2).
   rF:        It protects you from fire.
   rC:        It makes you vulnerable to cold.
   rN:        It renders you almost immune to negative energy.
 b - a +2 war axe of freezing
 c - a +0 sling
 p - a +1 trident of freezing
 w - a +3 scimitar of flaming
Missiles
 u - 7 curare-tipped darts (quivered)
 z - 51 poisoned darts
Armour
 h - a +3 troll leather armour {Snorg}
 n - a +0 pair of gloves (worn)
 r - a +0 helmet
 t - a +0 kite shield
 y - a +2 scale mail of cold resistance
 B - a +1 cloak of poison resistance (worn)
 I - a +0 tower shield (worn)
 M - the +4 hat of Space (worn) {rN+ Int+2 Stlth-}
   (You found it on level 3 of the Lair of Beasts)

   Int:       It affects your intelligence (+2).
   rN:        It protects you from negative energy.
   Stlth:     It makes you less stealthy.
 P - the +4 chain mail of the Tormentor (worn) {rElec rPois}
   (You found it on level 5 of the Lair of Beasts)

   rElec:     It insulates you from electricity.
   rPois:     It protects you from poison.
Jewellery
 e - a ring of fire (right hand)
 g - a ring of willpower
 m - the ring of the Establishment {Ice Str+3 Int+4}
   (You took it off an orc warrior in a bailey)

   [ring of ice]

   It enhances your ice magic.
   Str:       It affects your strength (+3).
   Int:       It affects your intelligence (+4).
   rF:        It makes you vulnerable to fire.
   rC:        It protects you from cold.
 q - the ring "Tuemo" (left hand) {rC+ rN+ rCorr MP+9 SInv}
   (You acquired it on level 3 of the Dungeon)

   [ring of resist corrosion]

   rC:        It protects you from cold.
   rN:        It protects you from negative energy.
   MP:        It affects your magic capacity (+9).
   SInv:      It lets you see invisible.
   rCorr:     It protects you from acid and corrosion.
 E - a +6 ring of dexterity
 O - an amulet of regeneration (around neck)
Wands
 v - a wand of charming (28)
 A - a wand of flame (29)
 D - a wand of roots (10)
 H - a wand of polymorph (9)
 J - a wand of digging (14)
Scrolls
 j - 4 scrolls of enchant armour
 k - 4 scrolls of enchant weapon
 l - a scroll of magic mapping
 o - 13 scrolls of teleportation
 G - 4 scrolls of fear
 K - 3 scrolls of amnesia
Potions
 d - 4 potions of might
 f - 2 potions of invisibility
 i - 6 potions of curing
 x - a potion of heal wounds
 C - 2 potions of cancellation
 L - 4 potions of mutation
 N - 3 potions of resistance
Miscellaneous
 F - a condenser vane


   Skills:
 + Level 11.8(16.8) Fighting
 + Level 9.9(14.9) Short Blades
 + Level 9.9(14.9) Long Blades
 + Level 10.9(15.9) Axes
 + Level 9.9(14.9) Maces & Flails
 + Level 9.9(14.9) Polearms
 + Level 9.9(14.9) Staves
 + Level 9.9(14.9) Ranged Weapons
 + Level 9.9(14.9) Throwing
 + Level 11.8(16.8) Armour
 + Level 9.9(14.9) Dodging
 + Level 9.9(14.9) Stealth
 + Level 11.8(16.8) Shields
 + Level 9.9(14.9) Unarmed Combat
 + Level 9.9 Spellcasting
 + Level 8.3 Conjurations
 + Level 8.3 Hexes
 + Level 8.3 Summonings
 + Level 8.3 Necromancy
 + Level 8.3 Translocations
 + Level 8.3 Transmutations
 + Level 8.3 Fire Magic
 + Level 8.3 Ice Magic
 + Level 8.3 Air Magic
 + Level 8.3 Earth Magic
 + Level 8.3 Poison Magic
 + Level 10.8 Invocations
 + Level 9.9 Evocations


You had 30 spell levels left.
You knew the following spells:

 Your Spells              Type           Power      Damage    Failure   Level
a - Wereblood             Tmut           25%        N/A       10%         2

Your spell library contained the following spells:

 Spells                   Type           Power      Damage    Failure   Level
 Apportation              Tloc           50%        N/A       6%          1
 Foxfire                  Conj/Fire      100%       2x1d9     6%          1
 Magic Dart               Conj           100%       1d8       6%          1
 Sandblast                Erth           50%        2d12      6%          1
 Slow                     Hex            100%       N/A       6%          1
 Poisonous Vapours        Pois/Air       50%        N/A       10%         2
 Scorch                   Fire           76%        2d9       10%         2
 Sublimation of Blood     Necr           25%        N/A       10%         2
 Conjure Flame            Conj/Fire      38%        6-21      19%         3
 Ignite Poison            Fire/Tmut/Pois 38%        N/A       19%         3
 Inner Flame              Hex/Fire       38%        N/A       19%         3
 Mephitic Cloud           Conj/Pois/Air  25%        N/A       19%         3
 Flame Wave               Conj/Fire      38%        2d10      52%         4
 Leda's Liquefaction      Hex/Erth       12%        N/A       52%         4
 Olgreb's Toxic Radiance  Pois           25%        N/A       52%         4
 Passage of Golubria      Tloc           25%        N/A       52%         4
 Alistair's Intoxication  Tmut/Pois      16%        N/A       86%         5
 Freezing Cloud           Conj/Ice/Air   12%        6-21      86%         5
 Lee's Rapid Deconstruct  Erth           12%        3d10*     86%         5
 Silence                  Hex/Air        12%        N/A       86%         5
 Statue Form              Tmut/Erth      16%        N/A       100%        6
 Ozocubu's Refrigeration  Ice            12%        4d10      100%        7
 Ignition                 Fire           19%        3d7       100%        8
 Lehudib's Crystal Spear  Conj/Erth      12%        10d4      100%        8
 Call Imp                 Summ           Unusable   N/A       N/A         2
 Summon Cactus Giant      Summ           Unusable   N/A       N/A         6
 Summon Hydra             Summ           Unusable   N/A       N/A         7

Dungeon Overview and Level Annotations

Branches:
Dungeon (10/15)            Temple (1/1) D:6            Lair (5/5) D:8
 Shoals (0/4) Lair:2       Spider (0/4) Lair:3        Slime (0/5) Lair:5
    Orc (2/2) D:10         Bailey (visited)
    Elf: Orc:2

Altars:
Ashenzari
Fedhas
Gozag
Makhleb
Okawaru
Ru
Trog
Vehumet
Wu Jian
Zin
The Shining One
Lugonu

Shops:
D:5 [

Portals:
Abyss: Lair:5

Annotations:
Arena Rupert


Innate Abilities, Weirdness & Mutations

You have very sharp teeth.
Your uncanny sense of smell can sniff out nearby items.
Your experience applies equally to all skills.


Message History

The spectator shouts!
Found a gate leading back out of this place.
There is an empty arch of ancient stone here.
Unknown command.
You slash Rupert!
Rupert is lightly wounded.
Rupert hits you but does no damage.
Rupert hits you with a +2 vorpal great mace!!
Unknown command.
You feel very buoyant.
You fly up into the air.
You block Rupert's attack.
You feel very mighty all of a sudden.
Rupert hits you with a +2 vorpal great mace!!
* * * LOW HITPOINT WARNING * * *
x2 The spectator cheers repeatedly.
Rupert closely misses you.
Unknown command.
You slice Rupert!! You bite Rupert!
Rupert is moderately wounded.
You block Rupert's attack.
Unknown command.
You slice Rupert!!
Rupert is heavily wounded.
You block Rupert's attack.
Unknown command.
You slice Rupert!!
Rupert is severely wounded.
You block Rupert's attack.
Rupert hits you with a +2 vorpal great mace!
* * * LOW HITPOINT WARNING * * *
x2 Unknown command.
You feel much better.
Rupert hits you with a +2 vorpal great mace.
You slice Rupert!!
Rupert is severely wounded.
You howl as the wereblood boils in your veins!
Rupert hits you with a +2 vorpal great mace!!
* * * LOW HITPOINT WARNING * * *
You die...
Okawaru crowns Rupert victorious!

###########
#..pppp...#
#.▓▓▓▓▓▓▓.#
#p▓.....▓p#
#▓▓.@...▓p#
#∩▓..@..▓p#
#▓▓.....▓p#
#p▓.....▓.#
#.▓▓▓▓▓▓▓.#
#.p.pppp..#
###########


You could see Rupert (berserk).

Vanquished Creatures
  The ghost of Kaofid the Geomancer, a journeyman GrEE of Vehumet (Lair:5)
  Snorg (D:10)
  An ogre mage (D:10)
  A catoblepas (Lair:1)
  4 hydras
  2 boulder beetles (Lair:3)
  Erica (D:10)
  5 two-headed ogres
  10 death yaks
  3 thrashing horrors (Lair:5)
  Nergalle (Lair:3)
  Sonja (Lair:2)
  An orb spider (Lair:3)
  2 lindwurms (Lair:3)
  3 orc knights
  An orc sorcerer (D:10)
  An ugly thing (Lair:5)
  5 elephants (Lair:3)
  2 wolf spiders (Lair:3)
  4 black mambas
  2 smoke demons (Lair:5)
  6 cane toads
  2 torpor snails
  Maggie (D:7)
  3 komodo dragons
  An ancient zyme (Lair:5)
  A troll (D:10)
  3 hornets
  Prince Ribbit (D:9)
  4 dream sheep
  A tarantella (Lair:3)
  6 polar bears
  19 blink frogs
  Grinder (D:6)
  2 slime creatures (Lair:5)
  A jumping spider (Lair:3)
  3 shadows
  38 yaks
  A spriggan (Lair:5)
  Sigmund (D:4)
  2 wraiths
  A vampire (D:10)
  5 wyverns
  A ynoxinul (Lair:5)
  Eustachio (D:6)
  6 basilisks
  2 chaos spawn (Lair:5)
  A redback (Lair:3)
  An acid dragon (D:9)
  Edmund (D:5)
  A water moccasin (shapeshifter) (Lair:5)
  2 wargs
  14 water moccasins
  4 large abominations (Lair:5)
  21 orc warriors
  13 small abominations (Lair:5)
  3 black bears
  9 ogres
  3 wolves (Lair:4)
  4 centaurs
  A phantom (D:6)
  8 kobold brigands
  2 necrophages
  6 bullfrogs
  12 wights
  14 killer bees
  4 howler monkeys
  2 electric eels
  2 lava snakes (Lair:3)
  6 jellies
  A gnoll bouda (D:9)
  11 orc priests
  Crazy Yiuf (D:5)
  A hound (D:6)
  4 iguanas
  Jessica (D:2)
  14 orc wizards
  9 gnolls
  7 adders
  2 white imps
  3 worms
  2 dart slugs
  36 orcs
  9 ball pythons
  3 endoplasms
  6 giant cockroaches
  8 hobgoblins
  7 jackals
  4 quokkas (D:1)
  8 bats
  4 frilled lizards
  11 goblins
  22 kobolds
  2 rats (D:1)
475 creatures vanquished.

Vanquished Creatures (others)
  An orc (Orc:1)
  13 fungi
  26 plants
40 creatures vanquished.

Grand Total: 515 creatures vanquished

Notes
Turn   | Place    | Note
-------+----------+-------------------------------------------
     0 | D:1      | Renzlar the Gnoll Fighter began the quest for the Orb.
     0 | D:1      | Reached XP level 1. HP: 23/23 MP: 1/1
   342 | D:1      | Reached XP level 2. HP: 29/29 MP: 2/2
   748 | D:1      | Reached XP level 3. HP: 35/35 MP: 3/3
   827 | D:2      | Noticed Jessica
   847 | D:2      | Killed Jessica
   848 | D:2      | Reached skill level 1 in Short Blades
   848 | D:2      | Reached skill level 1 in Long Blades
   848 | D:2      | Reached skill level 1 in Maces & Flails
   848 | D:2      | Reached skill level 1 in Polearms
   848 | D:2      | Reached skill level 1 in Staves
   848 | D:2      | Reached skill level 1 in Ranged Weapons
   848 | D:2      | Reached skill level 1 in Throwing
   848 | D:2      | Reached skill level 1 in Dodging
   848 | D:2      | Reached skill level 1 in Stealth
   848 | D:2      | Reached skill level 1 in Unarmed Combat
   848 | D:2      | Reached skill level 1 in Spellcasting
   848 | D:2      | Reached skill level 1 in Invocations
   848 | D:2      | Reached skill level 1 in Evocations
  1075 | D:2      | Found a faded altar of an unknown god.
  1129 | D:2      | Reached XP level 4. HP: 41/41 MP: 5/5
  1472 | D:3      | Reached skill level 1 in Conjurations
  1472 | D:3      | Reached skill level 1 in Hexes
  1472 | D:3      | Reached skill level 1 in Summonings
  1472 | D:3      | Reached skill level 1 in Necromancy
  1472 | D:3      | Reached skill level 1 in Translocations
  1472 | D:3      | Reached skill level 1 in Transmutations
  1472 | D:3      | Reached skill level 1 in Fire Magic
  1472 | D:3      | Reached skill level 1 in Ice Magic
  1472 | D:3      | Reached skill level 1 in Air Magic
  1472 | D:3      | Reached skill level 1 in Earth Magic
  1472 | D:3      | Reached skill level 1 in Poison Magic
  1677 | D:3      | Reached XP level 5. HP: 36/47 MP: 7/7
  1860 | D:3      | Identified a scroll of acquirement
  1860 | D:3      | Acquired the +12 war axe "Wethraif" {vorpal, rF+ rC- rN+++
                  | Int+2}
  2191 | D:3      | Acquired the ring "Tuemo" {rC+ rN+ rCorr MP+9 SInv}
  2269 | D:3      | Found a radiant altar of Vehumet.
  2714 | D:4      | Reached XP level 6. HP: 45/53 MP: 8/8
  2796 | D:4      | Reached skill level 5 in Axes
  3197 | D:4      | Identified the +4 shortbow of Doom {vorpal, Int+2 Dex+2}
  3209 | D:4      | Noticed Sigmund
  3219 | D:4      | Killed Sigmund
  3220 | D:4      | Reached XP level 7. HP: 55/60 MP: 10/10
  3344 | D:5      | Entered Level 5 of the Dungeon
  3378 | D:5      | Noticed Edmund
  3385 | D:5      | Killed Edmund
  3448 | D:5      | Got An Introduction to Magic
  3451 | D:5      | Found Kuaruc's Armour Shop.
  3675 | D:5      | Reached XP level 8. HP: 65/67 MP: 12/12
  3902 | D:5      | Found a runed translucent door.
  3903 | D:5      | Noticed Crazy Yiuf
  3915 | D:5      | Killed Crazy Yiuf
  4217 | D:6      | Noticed Grinder
  4222 | D:6      | Paralysed by Grinder for 5 turns
  4230 | D:6      | Killed Grinder
  4422 | D:6      | Noticed Eustachio
  4725 | D:6      | Killed Eustachio
  4726 | D:6      | Reached XP level 9. HP: 67/73 MP: 14/14
  5149 | D:6      | Found a staircase to the Ecumenical Temple.
  5155 | Temple   | Entered the Ecumenical Temple
  5185 | Temple   | Became a worshipper of Warmaster Okawaru
  5743 | D:7      | Noticed Maggie
  5752 | D:6      | Reached skill level 5 in Invocations
  5757 | D:7      | Reached * piety under Okawaru
  5891 | D:7      | Killed Maggie
  5942 | D:7      | Found a flagged portal.
  5955 | Bailey   | Entered a bailey
  6034 | Bailey   | Reached skill level 5 in Short Blades
  6034 | Bailey   | Reached skill level 5 in Long Blades
  6034 | Bailey   | Reached skill level 5 in Maces & Flails
  6034 | Bailey   | Reached skill level 5 in Polearms
  6034 | Bailey   | Reached skill level 5 in Staves
  6034 | Bailey   | Reached skill level 5 in Ranged Weapons
  6034 | Bailey   | Reached skill level 5 in Throwing
  6034 | Bailey   | Reached skill level 5 in Dodging
  6034 | Bailey   | Reached skill level 5 in Stealth
  6034 | Bailey   | Reached skill level 5 in Unarmed Combat
  6034 | Bailey   | Reached skill level 5 in Spellcasting
  6034 | Bailey   | Reached skill level 5 in Evocations
  6034 | Bailey   | Reached XP level 10. HP: 55/81 MP: 17/17
  6228 | Bailey   | Noticed an orc knight
  6234 | Bailey   | Identified the ring of the Establishment {Ice Str+3 Int+4}
  6256 | Bailey   | Killed an orc knight
  6256 | Bailey   | Reached ** piety under Okawaru
  6567 | Bailey   | Identified the +3 ring mail of the Ward {Harm Rampage rCorr
                  | Int-3}
  6639 | Bailey   | Found an iron altar of Okawaru.
  6786 | D:7      | Paralysed by a hornet for 3 turns
  7122 | D:7      | Found a sacrificial altar of Ru.
  7555 | D:8      | Found a staircase to the Lair.
  7568 | D:8      | Reached *** piety under Okawaru
  7621 | D:8      | Got the Encyclopedia of Atmospheric Fire
  8129 | D:8      | Reached skill level 5 in Conjurations
  8129 | D:8      | Reached skill level 5 in Hexes
  8129 | D:8      | Reached skill level 5 in Summonings
  8129 | D:8      | Reached skill level 5 in Necromancy
  8129 | D:8      | Reached skill level 5 in Translocations
  8129 | D:8      | Reached skill level 5 in Transmutations
  8129 | D:8      | Reached skill level 5 in Fire Magic
  8129 | D:8      | Reached skill level 5 in Ice Magic
  8129 | D:8      | Reached skill level 5 in Air Magic
  8129 | D:8      | Reached skill level 5 in Earth Magic
  8129 | D:8      | Reached skill level 5 in Poison Magic
  8147 | D:8      | Reached XP level 11. HP: 89/89 MP: 20/20
  8199 | D:8      | Found an opulent altar of Gozag.
  8330 | D:8      | Found a bloodstained altar of Trog.
  8341 | D:8      | Found a broken altar of Ashenzari.
  8471 | D:9      | Reached **** piety under Okawaru
  8696 | D:9      | Noticed a two-headed ogre
  8709 | D:9      | Killed a two-headed ogre
  8775 | D:9      | Reached ***** piety under Okawaru
  8922 | D:9      | Paralysed by a hornet for 3 turns
  9136 | D:9      | Found a glowing golden altar of the Shining One.
  9417 | D:9      | Noticed Prince Ribbit
  9424 | D:9      | Killed Prince Ribbit
  9653 | D:10     | Entered Level 10 of the Dungeon
  9803 | D:10     | Found a blossoming altar of Fedhas.
  9985 | D:10     | Identified the +5 chain mail of Day {rPois rCorr Str-3
                  | Dex+5} (Okawaru gifted it to you on level 10 of the
                  | Dungeon)
  9985 | D:10     | Received a gift from Okawaru
 10052 | D:10     | Noticed an eight-headed hydra
 10061 | D:10     | Killed an eight-headed hydra
 10591 | D:10     | Found a staircase to the Orcish Mines.
 10596 | D:10     | Noticed Snorg
 10620 | D:10     | Killed Snorg
 10990 | D:10     | Reached XP level 12. HP: 97/97 MP: 22/22
 11180 | Lair:1   | Entered Level 1 of the Lair of Beasts
 11180 | Lair:1   | Noticed an eight-headed hydra
 11189 | Lair:1   | Killed an eight-headed hydra
 11838 | Lair:1   | Reached skill level 10 in Fighting
 11838 | Lair:1   | Reached skill level 10 in Armour
 11838 | Lair:1   | Reached skill level 10 in Shields
 12894 | Lair:2   | Noticed a catoblepas
 12988 | Lair:1   | Killed a catoblepas
 13774 | Lair:2   | Identified the +7 great sword "Stringbean" {freeze, rF+ rC+
                  | rCorr} (Okawaru gifted it to you on level 2 of the Lair of
                  | Beasts)
 13774 | Lair:2   | Received a gift from Okawaru
 13951 | Lair:2   | Noticed Sonja
 13957 | Lair:2   | Killed Sonja
 14383 | Lair:2   | Found a staircase to the Shoals.
 14408 | Lair:2   | Reached ****** piety under Okawaru
 14764 | Lair:3   | Found a runed translucent door.
 14808 | Lair:3   | Reached XP level 13. HP: 88/104 MP: 25/25
 14811 | Lair:3   | Found a runed translucent gate.
 14812 | Lair:3   | Found a runed translucent gate.
 14812 | Lair:3   | Identified the +4 hat of Space {rN+ Int+2 Stlth-}
 14824 | Lair:3   | Found a runed translucent gate.
 14824 | Lair:3   | Found a runed translucent gate.
 14824 | Lair:3   | Found a runed translucent gate.
 14997 | Lair:3   | Found a runed translucent gate.
 15545 | Lair:3   | Received a gift from Okawaru
 15637 | Lair:3   | Identified the +7 plate armour "Firar" {Int+2} (Okawaru
                  | gifted it to you on level 3 of the Lair of Beasts)
 15637 | Lair:3   | Received a gift from Okawaru
 15871 | Lair:3   | Reached skill level 10 in Axes
 15968 | Lair:3   | Noticed Nergalle
 15982 | Lair:3   | Killed Nergalle
 16142 | Lair:3   | Found a hole to the Spider Nest.
 17429 | Lair:5   | Entered Level 5 of the Lair of Beasts
 17463 | Lair:4   | Identified the +2 hat of Bedevilment {Harm Will+ Stlth-}
                  | (Okawaru gifted it to you on level 4 of the Lair of Beasts)
 17463 | Lair:4   | Received a gift from Okawaru
 17464 | Lair:4   | Reached skill level 10 in Invocations
 17464 | Lair:4   | Reached XP level 14. HP: 112/113 MP: 27/27
 17545 | Lair:5   | Found a runed translucent door.
 17547 | Lair:5   | Found a staircase to the Slime Pits.
 17712 | Lair:5   | Noticed Kaofid's ghost (journeyman GrEE)
 17721 | Lair:5   | Found a runed translucent gate.
 17721 | Lair:5   | Found a runed translucent gate.
 17723 | Lair:5   | Found a runed translucent gate.
 18637 | Lair:5   | Found a corrupted altar of Lugonu.
 18637 | Lair:5   | Found a one-way gate to the infinite horrors of the Abyss.
 18643 | Lair:5   | Identified the +4 chain mail of the Tormentor {rElec rPois}
 18744 | Lair:5   | Identified the +4 quarterstaff "Beacoilo" {flame, Fly rF+
                  | rC+}
 18917 | Lair:5   | Killed Kaofid's ghost
 19170 | Orc:1    | Entered Level 1 of the Orcish Mines
 19190 | D:10     | Learned a level 2 spell: Wereblood
 19374 | D:10     | Received a gift from Okawaru
 19470 | Orc:1    | Noticed Erica
 19563 | D:10     | Killed Erica
 19880 | Orc:2    | Entered Level 2 of the Orcish Mines
 19979 | Orc:2    | Noticed an orc warlord
 19982 | Orc:2    | Noticed Rupert
 19999 | Orc:1    | You fall into a shaft and drop 1 floor!
 20025 | Arena    | Entered the Arena
 20033 | Arena    | HP: 4/114 [Rupert/+2 vorpal great mace (35)]
 20033 | Arena    | Slain by Rupert

Illustrated notes

Levels and vault maps discovered:
D:1:      dpeg_arrival_solitude, layout_loops_cross, serial_bayou_pond_a
D:2:      layout_rooms, chequers_ecumenical_altar_simple_redux, uniq_jessica
D:3:      layout_basic, nicolae_vehumet_radiance
D:4:      nicolae_cairo_tiling_large, layout_rooms, uniq_sigmund
D:5:      layout_loops_cross, serial_shops, nicolae_take_the_stairs,
          uniq_edmund, uniq_crazy_yiuf_cottage
D:6:      layout_loops_ring, minmay_temple_entry_fiery, uniq_eustachio,
          uniq_grinder
D:7:      layout_cave_pools, nicolae_ru_sacrificial_ziggurat, enter_bailey_5,
          uniq_maggie
D:8:      layout_basic, mainiacjoe_overflow_six_doors_small,
          amethyst_overflow_temple_binary, dpeg_oklobed_lair
D:9:      layout_loops_cross, tso_altar, minmay_joined_circles,
          uniq_prince_ribbit1
D:10:     layout_basic, lemuel_coloured_pillars_altar, orc_0_dummy, uniq_snorg
Temple:   bh_familiar_temple
Lair:1:   layout_small_grid, serial_bayou_shore_a
Lair:2:   layout_chaotic_city, elwin_shoals_entry_rocks,
          grunt_forest_stairs_basic, serial_bayou_shore_b, grunt_megastairs_2,
          uniq_sonja
Lair:3:   gammafunk_indiana_jones, layout_chaotic_city,
          nicolae_spider_entry_orb_guardian, uniq_nergalle
Lair:4:   layout_concentric_octagons, serial_rivers,
          chequers_serial_rivers_large_b, chequers_serial_rivers_micro_c,
          chequers_serial_rivers_room_b, chequers_serial_rivers_small_3,
          chequers_serial_rivers_micro_c, chequers_serial_rivers_small_a,
          cheibrodos_lair_lostbears
Lair:5:   hellmonk_lair_end_abyssal_woods, layout_long_grid, slime_entry_2,
          gammafunk_ghost_split, serial_bayou_shore_b
Orc:1:    layout_caves, basic_altar, uniq_erica
Orc:2:    st_orc_open, layout_diamond_mine, basic_altar, mines5_lemuel,
          uniq_rupert
Arena

Skill      XL: |  1  2  3  4  5  6  7  8  9 10 11 12 13 14 |
---------------+-------------------------------------------+-----
Short Blades   | 1 2 3 5 6 7 8 9 |  9.9
Long Blades    | 1 2 3 5 6 7 8 9 |  9.9
Maces & Flails | 1 2 3 5 6 7 8 9 |  9.9
Polearms       | 1 2 3 5 6 7 8 9 |  9.9
Staves         | 1 2 3 5 6 7 8 9 |  9.9
Ranged Weapons | 1 2 3 5 6 7 8 9 |  9.9
Throwing       | 1 2 3 5 6 7 8 9 |  9.9
Dodging        | 1 2 3 5 6 7 8 9 |  9.9
Stealth        | 1 2 3 5 6 7 8 9 |  9.9
Unarmed Combat | 1 2 3 5 6 7 8 9 |  9.9
Spellcasting   | 1 2 3 5 6 7 8 9 |  9.9
Invocations    | 1 2 3 4 5 6 7 8 10 | 10.8
Evocations     | 1 2 3 5 6 7 8 9 |  9.9
Conjurations   | 1 2 3 4 5 6 7 8 |  8.3
Hexes          | 1 2 3 4 5 6 7 8 |  8.3
Summonings     | 1 2 3 4 5 6 7 8 |  8.3
Necromancy     | 1 2 3 4 5 6 7 8 |  8.3
Translocations | 1 2 3 4 5 6 7 8 |  8.3
Transmutations | 1 2 3 4 5 6 7 8 |  8.3
Fire Magic     | 1 2 3 4 5 6 7 8 |  8.3
Ice Magic      | 1 2 3 4 5 6 7 8 |  8.3
Air Magic      | 1 2 3 4 5 6 7 8 |  8.3
Earth Magic    | 1 2 3 4 5 6 7 8 |  8.3
Poison Magic   | 1 2 3 4 5 6 7 8 |  8.3
Axes           | 5 6 7 8 9 10 | 10.9
Fighting       | 7 8 9 10 11 | 11.8
Armour         | 7 8 9 10 11 | 11.8
Shields        | 7 8 9 10 11 | 11.8

Action                   |  1- 3 |  4- 6 |  7- 9 | 10-12 | 13-15 || total
-------------------------+-------+-------+-------+-------+-------++-------
Melee: War axe           |    78 |   100 |   133 |   447 |   522 ||  1280
       Bite              |     8 |     6 |    13 |    65 |    94 ||   186
       Flail             |       |       |       |     8 |    17 ||    25
 Fire: Sling             |       |    63 |    54 |   171 |   149 ||   437
Throw: Dart              |       |       |       |     6 |     4 ||    10
 Cast: Wereblood         |       |       |       |       |     4 ||     4
Invok: Heroism           |       |       |       |     2 |     6 ||     8
       Duel              |       |       |       |       |     1 ||     1
Evoke: Wand              |       |       |       |     6 |     9 ||    15
  Use: Scroll            |     7 |     3 |     6 |    10 |     2 ||    28
       Potion            |       |       |       |     1 |     7 ||     8
 Stab: Sleeping          |       |       |       |     1 |       ||     1
       Invisible         |       |       |       |       |     2 ||     2
Armor: Scale mail        |    28 |    51 |    69 |   162 |   143 ||   453
       Chain mail        |       |       |       |       |    52 ||    52
Dodge: Dodged            |    43 |    35 |    80 |   169 |   203 ||   530
Block: Buckler           |    17 |    23 |    59 |    17 |       ||   116
       Tower shield      |       |       |       |   407 |   612 ||  1019
